 Dungeon Crawl Stone Soup version 0.30-a0-305-g026cb31310 (webtiles) character file.

Game seed: 3229721359857599392

139699 Powertoast the Severer (level 16, -21/157 HPs)
             Began as a Minotaur Fighter on Oct 23, 2022.
             Was a High Priest of Okawaru.
             Killed from afar by a deep elf sorcerer (37 damage)
             ... with damnation
             ... on level 3 of the Elven Halls on Oct 24, 2022.
             The game lasted 01:47:37 (23617 turns).

Powertoast the Severer (Minotaur Fighter)          Turns: 23617, Time: 01:47:38

Health: -21/157    AC: 29    Str: 28    XL:     16   Next: 74%
Magic:  25/25      EV:  7    Int:  9    God:    Okawaru [*****.]
Gold:   353        SH: 18    Dex: 16    Spells: 15/15 levels left

rFire   + + .      SeeInvis +    B - +9 broad axe (elec)
rCold   x . .      Faith    .    P - +4 kite shield of Okawaru's Benevolence {Str+2}
rNeg    + . .      Spirit   .    X - +0 plate armour of Ru's Generosity {rElec Dex+3}
rPois   .          Reflect  .    W - +2 hat of Suofad {Int+4 Dex-3 SInv}
rElec   +          Harm     .    S - +2 cloak {rF+}
rCorr   .          Rampage  .    g - +0 pair of gloves of the Constellations {rF+ Str+3}
Will    +++..                    G - +0 pair of boots
Stlth   ..........               U - amulet of regeneration
HPRegen 1.26/turn                s - ring "Yheria Xego" {rC- rN+ Will++ Stlth+}
MPRegen 0.19/turn                Y - +4 ring of protection

@: mighty, hasted, very quick
A: horns 2, retaliatory headbutt
a: Renounce Religion, Heroism, Finesse, Duel


You were on level 3 of the Elven Halls.
You worshipped Okawaru.
Okawaru was extremely pleased with you.
You visited 5 branches of the dungeon, and saw 22 of its levels.
You also visited: Ossuary and Volcano.

You collected 2361 gold pieces.
You spent 2008 gold pieces at shops.

Inventory:

Hand Weapons
 k - a +3 broad axe of flaming
 B - a +9 broad axe of electrocution (weapon)
 F - the +6 flail of Ychaatt {elec, rPois rN+ Dex-3}
   (You found it on level 1 of the Elven Halls)

   It occasionally discharges a powerful burst of electricity upon striking a
   foe.
   Dex:       It affects your dexterity (-3).
   rPois:     It protects you from poison.
   rN:        It protects you from negative energy.
 V - a +2 executioner's axe of electrocution
Missiles
 a - 2 curare-tipped darts
 f - 41 poisoned darts
 n - 6 silver javelins
 y - 5 atropa-tipped darts
 z - 33 boomerangs (quivered)
Armour
 g - the +0 pair of gloves of the Constellations (worn) {rF+ Str+3}
   (You acquired it on level 4 of the Dungeon)

   Str:       It affects your strength (+3).
   rF:        It protects you from fire.
 r - a +1 plate armour of poison resistance
 G - a +0 pair of boots (worn)
 K - the +8 chain mail "Uruwab" {Str+4}
   (Okawaru gifted it to you on level 2 of the Elven Halls)

   Str:       It affects your strength (+4).
 P - the +4 kite shield of Okawaru's Benevolence (worn) {Str+2}
   (Okawaru gifted it to you on level 2 of the Lair of Beasts)

   Str:       It affects your strength (+2).
 S - a +2 cloak of fire resistance (worn)
 W - the +2 hat of Suofad (worn) {Int+4 Dex-3 SInv}
   (Okawaru gifted it to you on level 5 of the Lair of Beasts)

   Int:       It affects your intelligence (+4).
   Dex:       It affects your dexterity (-3).
   SInv:      It lets you see invisible.
 X - the +0 plate armour of Ru's Generosity (worn) {rElec Dex+3}
   (You found it on level 5 of the Lair of Beasts)

   Dex:       It affects your dexterity (+3).
   rElec:     It insulates you from electricity.
Jewellery
 c - the amulet "Weuheyff" {RegenMP rElec rCorr Int+4 Dex-2}
   (You acquired it on level 2 of the Lair of Beasts)

   [amulet of magic regeneration]

   It increases your rate of magic regeneration.
   Int:       It affects your intelligence (+4).
   Dex:       It affects your dexterity (-2).
   rElec:     It insulates you from electricity.
   rCorr:     It protects you from acid and corrosion.
 j - a ring of positive energy
 s - the ring "Yheria Xego" (left hand) {rC- rN+ Will++ Stlth+}
   (You took it off a deep elf high priest on level 3 of the Elven Halls)

   [ring of positive energy]

   rC:        It makes you vulnerable to cold.
   rN:        It protects you from negative energy.
   Will:      It greatly increases your willpower.
   Stlth:     It makes you more stealthy.
 w - a +6 ring of dexterity
 R - a ring of protection from fire
 U - an amulet of regeneration (around neck)
 Y - a +4 ring of protection (right hand)
Wands
 o - a wand of paralysis (17)
 E - a wand of iceblast (8)
 L - a wand of flame (17)
 O - a wand of light (8)
 Q - a wand of mindburst (18)
Scrolls
 i - 5 scrolls of poison
 q - 5 scrolls of immolation
 v - 3 scrolls of enchant armour
 x - 2 scrolls of blinking
 A - 2 scrolls of vulnerability
 D - 3 scrolls of silence
 H - 3 scrolls of fear
 I - 4 scrolls of magic mapping
 N - 2 scrolls of teleportation
Potions
 b - 2 potions of haste
 d - 3 potions of might
 e - 4 potions of magic
 h - 2 potions of attraction
 m - 6 potions of lignification
 p - a potion of flight
 t - 6 potions of brilliance
 u - 2 potions of cancellation
 C - 6 potions of curing
 J - a potion of invisibility
 M - a potion of resistance
 T - 4 potions of ambrosia
 Z - a potion of berserk rage


   Skills:
 - Level 18.0 Fighting
 - Level 18.0 Axes
 - Level 2.0 Throwing
 - Level 15.0 Armour
 - Level 15.0 Shields
 + Level 13.4 Invocations


You had 15 spell levels left.
You didn't know any spells.
Your spell library contained the following spells:

 Spells                   Type           Power      Damage    Failure   Level
 Necrotise                Necr           0%         1d4       99%         1
 Cigotuvi's Dreadful Rot  Necr/Pois/Air  0%         N/A       100%        2
 Poisonous Vapours        Pois/Air       0%         N/A       100%        2
 Dazzling Flash           Conj/Hex       0%         N/A       100%        3
 Gell's Gravitas          Tloc           0%         N/A       100%        3
 Mephitic Cloud           Conj/Pois/Air  0%         N/A       100%        3
 Teleport Other           Tloc           0%         N/A       100%        3
 Vampiric Draining        Necr           0%         2d6       100%        3
 Petrify                  Tmut/Erth      0%         N/A       100%        4
 Agony                    Necr           0%         N/A       100%        5
 Metabolic Englaciation   Hex/Ice        0%         N/A       100%        5
 Silence                  Hex/Air        0%         N/A       100%        5
 Dispersal                Tloc           0%         N/A       100%        6
 Statue Form              Tmut/Erth      0%         N/A       100%        6
 Summon Small Mammal      Summ           Unusable   N/A       N/A         1
 Call Canine Familiar     Summ           Unusable   N/A       N/A         3
 Summon Guardian Golem    Hex/Summ       Unusable   N/A       N/A         3

Dungeon Overview and Level Annotations

Branches:
Dungeon (11/15)            Temple (1/1) D:6            Lair (5/5) D:11
  Swamp (0/4) Lair:2        Snake (0/4) Lair:3        Slime (0/5) Lair:4
    Orc (2/2) D:11            Elf (3/3) Orc:2       Ossuary (visited)
Volcano (visited)

Altars:
Ashenzari
Dithmenos
Elyvilon
Fedhas
Gozag
Hepliaklqana
Kikubaaqudgha
Makhleb
Nemelex Xobeh
Okawaru
Ru
Sif Muna
Trog
Uskayaw
Vehumet
Xom
Yredelemnul
Zin

Shops:
D:4 (   D:8 :   Orc:1 *[   Orc:2 ?*[:   Elf:1 ?*:[!   Elf:2 **

Portals:
Pandemonium: Orc:2

Annotations:
Lair:4 1 runed translucent door
Elf:3 1 runed translucent door, Hynwimna's ghost, veteran MiGl


Innate Abilities, Weirdness & Mutations

You have a pair of horns on your head.
You reflexively headbutt those who attack you in melee.


Message History

You writhe in agony.
* * * LOW HITPOINT WARNING * * *
You feel much better. The Tzitzimitl barely misses you.
You block the Tzitzimitl's attack.
The deep elf demonologist barely misses you.
You feel very mighty all of a sudden.
The Tzitzimitl engulfs you but does no damage.
You block the Tzitzimitl's attack.
The deep elf demonologist hits you with the +9 battleaxe "Patwus" {pain, Int+4}!
You writhe in agony.
The deep elf demonologist mumbles some strange words.
You feel yourself speed up. The Tzitzimitl misses you. You furiously retaliate!
You headbutt the Tzitzimitl. You block the Tzitzimitl's attack.
The deep elf sorcerer becomes larger for a moment.
You block the deep elf demonologist's attack.
Okay, then.
You cut the deep elf demonologist into ribbons!!!
Lightning courses through the deep elf demonologist!
You kill the deep elf demonologist!
Okawaru accepts your kill.
The Tzitzimitl disappears in a puff of smoke!
The deep elf sorcerer points at you and mumbles some strange words.
The bolt of acid hits you!!
* * * LOW HITPOINT WARNING * * *
Items here: $ ) ? †.
The deep elf sorcerer points at you and mumbles some strange words.
The sphere of damnation explodes!
The damnation engulfs you!!
* * * LOW HITPOINT WARNING * * *
The deep elf demonologist gestures wildly while chanting.
Okay, then.
Blink to where?
Press: ? - help, Dir - move target
As you read the scroll of blinking, it crumbles to dust.
You feel like a meek peon again.
There is an open door here.
You are no longer corroded.
There is an open door here.
The deep elf sorcerer casts a spell at you.
The sphere of damnation explodes!
The damnation engulfs you!!!
You die...

....'........# ##...##
#####)...4.### ##.#'##
# #...§#'## ####.## ###
#..)###.## ##.##
..#####'# ##.## ##.##
....# #e# ##e####
##.####### ....# #4#
##'..# ##'.....## ....#
#e#
###....########.......#
....# #3#
#.....@'."....'.......#
....# #e#
###.)..########.......#
....# #3# ##'#..#
#.......# ....# #e#
##.##'## #.......#
..#+###'###.###.#
##.....'# ####+#...#'##
#.# #######. #
##.....## #.# ##
#.......# #.# # #
#...8...# #.#### #####


You could see a deep elf sorcerer (fast) and a red devil (summoned).

Vanquished Creatures
  Zenata (Arena)
  A deep elf blademaster (Elf:3)
  A deep elf sorcerer (Elf:3)
  An orc warlord (Orc:2)
  3 deep elf demonologists
  3 deep elf annihilators
  3 deep elf death magi
  Josephine (Orc:1)
  4 deep elf high priests (Elf:3)
  A hydra (Lair:2)
  3 catoblepae (Lair:5)
  2 demonspawn (Orc:2)
  20 dancing weapons
  A two-headed ogre (D:9)
  6 death yaks (Lair:5)
  Sonja (D:10)
  4 orc high priests
  Nergalle (Lair:1)
  14 deep elf knights
  A fire crab (D:11)
  5 skeletal warriors (D:11)
  7 deep elf archers
  29 deep elf zephyrmancers
  A wizard (Elf:1)
  3 lindwurms
  29 deep elf pyromancers
  9 orc sorcerers (Orc:2)
  An ugly thing (D:10)
  2 wolf spiders (Lair:2)
  4 orc knights (Orc:2)
  2 cyclopes
  2 oklob plants
  3 manticores
  A toenail golem (Volcano)
  3 elephants (Lair:5)
  3 black mambas
  4 molten gargoyles (Volcano)
  A torpor snail (Lair:5)
  A rust devil (Orc:2)
  Maggie (D:7)
  9 cane toads
  An unseen horror (D:10)
  2 rime drakes
  11 komodo dragons
  2 efreet (Volcano)
  A tengu conjurer (Elf:1)
  2 polar bears
  2 tyrant leeches (Lair:2)
  A troll (Orc:2)
  2 hornets
  Prince Ribbit (D:7)
  Grinder (D:5)
  12 blink frogs
  Sigmund (D:5)
  2 air elementals
  2 wyverns
  A shadow (D:10)
  6 water elementals
  A ynoxinul (Orc:2)
  A spriggan (Lair:3)
  4 wraiths (Orc:1)
  42 yaks
  3 basilisks
  2 steam dragons
  A neqoxec (Orc:2)
  4 fire elementals
  A golden eye (shapeshifter) (Elf:2)
  3 vampire mosquitoes (D:11)
  10 wargs
  Edmund (D:5)
  A swamp worm (Lair:2)
  3 nagas (Lair:3)
  15 water moccasins
  Duvessa (D:5)
  A floating eye (shapeshifter) (Elf:3)
  17 orc warriors
  4 black bears
  A sky beast (D:6)
  4 ogres
  20 wolves
  14 centaurs
  A phantom (D:6)
  8 bullfrogs
  2 kobold brigands
  2 necrophages
  3 earth elementals
  A gnoll sergeant (D:11)
  A scorpion (D:6)
  Dowan (D:5)
  15 killer bees
  2 howler monkeys
  A centaur zombie (Ossuary)
  A hound (D:6)
  24 orc priests
  A gnoll bouda (D:6)
  Crazy Yiuf (D:6)
  A human zombie (Ossuary)
  6 iguanas
  A jelly (D:5)
  Terence (D:2)
  11 orc wizards
  2 mummies (Ossuary)
  4 gnolls
  3 adders
  A shadow imp (D:6)
  3 white imps
  An ufetubus (D:6)
  2 adder zombies (Ossuary)
  3 worms
  3 dart slugs (D:4)
  67 orcs
  11 ball pythons
  5 endoplasms
  5 giant cockroaches
  10 goblins
  9 hobgoblins
  3 jackals (D:4)
  15 kobolds
  4 quokkas
  5 bats
  A goblin zombie (Ossuary)
  10 hobgoblin zombies (Ossuary)
  A jackal zombie (Ossuary)
  11 kobold zombies (Ossuary)
  7 orc zombies (Ossuary)
  6 rats
  3 rat zombies (Ossuary)
  A fire vortex (Volcano)
676 creatures vanquished.

Vanquished Creatures (others)
  A water elemental (Elf:2)
  A yak (Lair:2)
  A boggart (Elf:1)
  An orc wizard (D:8)
  4 fire vortices (Volcano)
  16 fungi
  21 plants
45 creatures vanquished.

Grand Total: 721 creatures vanquished

Notes
Turn   | Place    | Note
-------+----------+-------------------------------------------
     0 | D:1      | Powertoast the Minotaur Fighter began the quest for the
                  | Orb.
     0 | D:1      | Reached XP level 1. HP: 19/19 MP: 0/0
   246 | D:1      | Reached XP level 2. HP: 27/27 MP: 1/1
   420 | D:1      | Reached XP level 3. HP: 33/34 MP: 2/2
  1161 | D:2      | Noticed Terence
  1169 | D:2      | Killed Terence
  1275 | D:2      | Reached XP level 4. HP: 41/41 MP: 3/3
  1287 | D:2      | Found a white marble altar of Elyvilon.
  1302 | D:2      | Became a worshipper of Elyvilon the Healer
  1353 | D:2      | Reached skill level 5 in Fighting
  1685 | D:3      | Found a faded altar of an unknown god.
  1781 | D:3      | Reached * piety under Elyvilon
  1869 | D:3      | Reached XP level 5. HP: 48/48 MP: 4/4
  2050 | D:3      | Found a blossoming altar of Fedhas.
  2422 | D:4      | Reached skill level 5 in Axes
  2430 | D:4      | Found a sand-covered staircase.
  2434 | Ossuary  | Entered an ossuary
  2588 | Ossuary  | Reached XP level 6. HP: 57/58 MP: 5/5
  2715 | D:4      | Reached ** piety under Elyvilon
  2937 | D:4      | Found Hykhlihapn's Weapon Boutique.
  3475 | D:4      | Reached *** piety under Elyvilon
  3789 | D:5      | Entered Level 5 of the Dungeon
  3986 | D:5      | Reached XP level 7. HP: 32/66 MP: 6/6
  4120 | D:5      | Noticed Grinder
  4122 | D:5      | Paralysed by Grinder for 2 turns
  4136 | D:5      | Paralysed by Grinder for 4 turns
  4145 | D:5      | Killed Grinder
  4323 | D:5      | Noticed Duvessa
  4344 | D:6      | Reached XP level 8. HP: 56/73 MP: 7/7
  4402 | D:6      | Reached skill level 10 in Axes
  4654 | D:6      | Found a hazy altar of Hepliaklqana.
  4676 | D:6      | Found a staircase to the Ecumenical Temple.
  4689 | Temple   | Entered the Ecumenical Temple
  4736 | Temple   | Fell from the grace of Elyvilon
  4736 | Temple   | Became a worshipper of Warmaster Okawaru
  5094 | D:6      | Found a runed translucent door.
  5095 | D:6      | Noticed Crazy Yiuf
  5435 | D:5      | Killed Duvessa
  5548 | D:5      | Noticed Edmund
  5562 | D:5      | Killed Edmund
  5562 | D:5      | Reached * piety under Okawaru
  5635 | D:4      | Identified a scroll of acquirement
  5636 | D:4      | Acquired the +0 pair of gloves of the Constellations {rF+
                  | Str+3}
  5666 | D:5      | Reached XP level 9. HP: 79/79 MP: 8/8
  5915 | D:5      | Noticed Sigmund
  5923 | D:5      | Killed Sigmund
  5985 | D:5      | Noticed Dowan
  5994 | D:5      | Killed Dowan
  6122 | D:6      | Killed Crazy Yiuf
  6266 | D:7      | Noticed Maggie
  6351 | D:4      | Bought a +3 broad axe of flaming for 314 gold pieces
  6429 | D:7      | Killed Maggie
  6467 | D:7      | Found a burning altar of Makhleb.
  6467 | D:7      | Found a white marble altar of Elyvilon.
  6473 | D:7      | Found a sacrificial altar of Ru.
  6475 | D:7      | Found a sparkling altar of Nemelex Xobeh.
  6477 | D:7      | Found a faded altar of an unknown god.
  6593 | D:7      | Found a shimmering altar of Xom.
  6773 | D:7      | Noticed Prince Ribbit
  6777 | D:7      | Killed Prince Ribbit
  6794 | D:7      | Reached ** piety under Okawaru
  6795 | D:7      | Reached skill level 10 in Fighting
  7003 | D:7      | Noticed a deep elf zephyrmancer
  7008 | D:7      | Killed a deep elf zephyrmancer
  7009 | D:7      | Reached XP level 10. HP: 72/94 MP: 9/9
  7476 | D:8      | Reached *** piety under Okawaru
  7738 | D:8      | Found Kanesh's Tremendous Tomes.
  8373 | D:9      | Noticed a two-headed ogre
  8380 | D:9      | Killed a two-headed ogre
  8380 | D:9      | Reached **** piety under Okawaru
  8685 | D:10     | Entered Level 10 of the Dungeon
  8697 | D:10     | Noticed a white ugly thing
  8704 | D:10     | Killed a white ugly thing
  8704 | D:10     | Received a gift from Okawaru
  9551 | D:10     | Found a shimmering blue altar of Sif Muna.
  9879 | D:10     | Noticed Sonja
  9886 | D:10     | Killed Sonja
  9887 | D:10     | Reached skill level 15 in Axes
  9887 | D:10     | Reached XP level 11. HP: 92/110 MP: 7/10
 10103 | D:11     | Noticed a fire crab
 10103 | D:11     | Found a staircase to the Lair.
 10119 | D:11     | Killed a fire crab
 10120 | D:11     | Reached skill level 1 in Throwing
 10316 | D:10     | Reached ***** piety under Okawaru
 10537 | Lair:1   | Entered Level 1 of the Lair of Beasts
 10641 | Lair:1   | Noticed Nergalle
 10653 | Lair:1   | Killed Nergalle
 11682 | Lair:2   | Reached skill level 5 in Armour
 11931 | Lair:2   | Identified the +4 kite shield of Okawaru's Benevolence
                  | {Str+2} (Okawaru gifted it to you on level 2 of the Lair of
                  | Beasts)
 11931 | Lair:2   | Received a gift from Okawaru
 12310 | Lair:2   | Identified the +6 dagger of the Median {speed, *Noise rPois
                  | Dex+5 SInv}
 12452 | Lair:2   | Found a staircase to the Swamp.
 12751 | Lair:2   | Noticed a five-headed hydra
 12757 | Lair:2   | Killed a three-headed hydra
 12825 | Lair:2   | Noticed a wolf spider
 12826 | Lair:2   | Noticed a wolf spider
 13143 | Lair:2   | Killed a wolf spider
 13144 | Lair:2   | Reached XP level 12. HP: 68/117 MP: 8/11
 13146 | Lair:2   | Reached skill level 5 in Shields
 13485 | Lair:2   | Acquired the amulet "Weuheyff" {RegenMP rElec rCorr Int+4
                  | Dex-2}
 14050 | Lair:3   | Found a staircase to the Snake Pit.
 14053 | Lair:3   | Identified the +7 chain mail "Wuqytel" {Rampage rPois Dex+3
                  | Slay-6} (Okawaru gifted it to you on level 3 of the Lair of
                  | Beasts)
 14053 | Lair:3   | Received a gift from Okawaru
 14176 | Lair:3   | Found a dark tunnel.
 14185 | Volcano  | Entered a volcano
 14204 | Volcano  | Reached skill level 10 in Shields
 15161 | Lair:3   | Reached skill level 15 in Fighting
 15161 | Lair:3   | Reached skill level 10 in Armour
 15161 | Lair:3   | Reached XP level 13. HP: 127/127 MP: 12/12
 15622 | Lair:4   | Found a runed translucent door.
 15622 | Lair:4   | Noticed an acid blob
 15622 | Lair:4   | Noticed an acid blob
 15623 | Lair:4   | Found a staircase to the Slime Pits.
 15623 | Lair:4   | Noticed an acid blob
 15623 | Lair:4   | Noticed an acid blob
 15652 | Lair:4   | Reached skill level 1 in Invocations
 16086 | Lair:4   | Reached XP level 14. HP: 135/135 MP: 14/14
 16502 | Lair:5   | Entered Level 5 of the Lair of Beasts
 16731 | Lair:5   | Identified the +2 hat of Suofad {Int+4 Dex-3 SInv} (Okawaru
                  | gifted it to you on level 5 of the Lair of Beasts)
 16731 | Lair:5   | Received a gift from Okawaru
 16761 | Lair:5   | Reached ****** piety under Okawaru
 17390 | Lair:5   | Identified the +0 plate armour of Ru's Generosity {rElec
                  | Dex+3}
 18279 | D:11     | Found a staircase to the Orcish Mines.
 18581 | Orc:1    | Entered Level 1 of the Orcish Mines
 18710 | Orc:1    | Found Koles's Armour Boutique.
 18725 | Orc:1    | Found Valielo's General Store.
 18735 | Orc:1    | Received a gift from Okawaru
 18743 | Orc:1    | Bought a +1 plate armour of fire resistance for 455 gold
                  | pieces
 18883 | Orc:1    | Noticed Josephine
 18895 | Orc:1    | Killed Josephine
 18987 | Orc:2    | Entered Level 2 of the Orcish Mines
 18987 | Orc:2    | Found a staircase to the Elven Halls.
 19093 | Orc:2    | Reached skill level 5 in Invocations
 19355 | Orc:2    | Found Jiorijow's Magic Scroll Emporium.
 19396 | Orc:2    | Found Wibuc's General Store.
 19456 | Orc:2    | Noticed an orc warlord
 19476 | Orc:2    | Killed an orc warlord
 19522 | Orc:2    | Bought a scroll of enchant armour for 97 gold pieces
 19522 | Orc:2    | Bought a scroll of identify for 26 gold pieces
 19525 | Orc:2    | Bought a scroll of identify for 28 gold pieces
 19525 | Orc:2    | Bought a scroll of identify for 28 gold pieces
 19525 | Orc:2    | Bought a scroll of identify for 28 gold pieces
 19525 | Orc:2    | Bought a scroll of fear for 56 gold pieces
 19525 | Orc:2    | Bought 2 scrolls of enchant weapon for 210 gold pieces
 19525 | Orc:2    | Bought a scroll of identify for 28 gold pieces
 19762 | Orc:2    | Received a gift from Okawaru
 19770 | Orc:2    | Reached XP level 15. HP: 149/149 MP: 18/18
 19870 | Orc:2    | Paralysed by an orc sorcerer for 5 turns
 19886 | Orc:2    | Paralysed by an orc sorcerer for 5 turns
 20016 | Orc:2    | Found Bazaahix's Book Boutique.
 20016 | Orc:2    | Found a one-way gate leading to the halls of Pandemonium.
 20016 | Orc:2    | Found Yrghovema's Antique Armour Shop.
 20118 | Orc:2    | Bought a +1 plate armour of poison resistance for 416 gold
                  | pieces
 20180 | Elf:1    | Entered Level 1 of the Elven Halls
 20366 | Elf:1    | Identified the +6 flail of Ychaatt {elec, rPois rN+ Dex-3}
 20374 | Elf:1    | Found Venguur's Magic Scroll Boutique.
 20381 | Elf:1    | Reached skill level 10 in Invocations
 20434 | Elf:1    | Bought a scroll of enchant armour for 105 gold pieces
 20434 | Elf:1    | Bought a scroll of identify for 28 gold pieces
 20434 | Elf:1    | Bought a scroll of identify for 28 gold pieces
 20434 | Elf:1    | Bought a scroll of identify for 28 gold pieces
 20434 | Elf:1    | Bought a scroll of blinking for 105 gold pieces
 20434 | Elf:1    | Bought a scroll of identify for 28 gold pieces
 20502 | Elf:1    | Found Vulu's Assorted Antiques.
 20516 | Elf:1    | Identified the +1 pair of gloves of Stoicism {rPois}
                  | (Okawaru gifted it to you on level 1 of the Elven Halls)
 20516 | Elf:1    | Received a gift from Okawaru
 20614 | Elf:1    | Found Udyogh's Book Boutique.
 20636 | Elf:1    | Found Warej's Antique Armour Shop.
 21108 | Elf:1    | Found Xannuwnu's Distillery.
 21501 | Elf:2    | Found Gerph's Assorted Antiques.
 21538 | Elf:2    | Noticed an Executioner
 21636 | Elf:2    | Found Beyverai's Elven Fire.
 21946 | Elf:2    | Identified the +8 chain mail "Uruwab" {Str+4} (Okawaru
                  | gifted it to you on level 2 of the Elven Halls)
 21946 | Elf:2    | Received a gift from Okawaru
 21947 | Elf:2    | Reached XP level 16. HP: 143/157 MP: 22/22
 22133 | Elf:2    | Found a runed translucent gate.
 22134 | Elf:2    | Found a runed translucent gate.
 22134 | Elf:2    | Found a runed translucent gate.
 22277 | Elf:2    | Reached skill level 15 in Armour
 22280 | Elf:2    | Reached skill level 15 in Shields
 22621 | Elf:3    | Entered Level 3 of the Elven Halls
 22683 | Elf:3    | Received a gift from Okawaru
 22754 | Elf:3    | Found a runed translucent door.
 22754 | Elf:3    | Noticed Hynwimna's ghost (veteran MiGl)
 22991 | Elf:3    | Noticed Zenata
 22995 | Arena    | Entered the Arena
 23003 | Arena    | Killed Zenata
 23148 | Elf:3    | Identified the +6 scale mail of the Hills {Dex+4}
 23156 | Elf:3    | Paralysed by an air elemental for 1 turns
 23162 | Elf:3    | Paralysed by an air elemental for 1 turns
 23170 | Elf:3    | Identified the +9 battleaxe "Patwus" {pain, Int+4}
 23384 | Elf:3    | Identified the ring "Yheria Xego" {rC- rN+ Will++ Stlth+}
 23532 | Elf:3    | Noticed a deep elf blademaster
 23537 | Elf:3    | Received a gift from Okawaru
 23537 | Elf:3    | Noticed a deep elf master archer
 23566 | Elf:3    | Killed a deep elf blademaster
 23602 | Elf:3    | Noticed a Tzitzimitl
 23617 | Elf:3    | Killed from afar by a deep elf sorcerer

Illustrated notes

Levels and vault maps discovered:
D:1:      dpeg_arrival_court, layout_basic
D:2:      layout_basic, basic_altar, uniq_terence
D:3:      layout_basic, fedhas_ov_isle_minmay, chequers_ecumenical_altar_island
D:4:      layout_layer_cave, enter_ossuary_5, serial_shops,
          nicolae_shop_bloodbath_and_beyond
D:5:      layout_rooms, item_on_display_a, uniq_sigmund, uniq_duvessa,
          uniq_grinder, uniq_edmund
D:6:      layout_rooms, lemuel_doored_altar,
          minmay_temple_entry_statues_pillars, corexii_shack,
          kennysheep_opposing_triangles, uniq_crazy_yiuf_cottage
D:7:      layout_cave_pools, nicolae_overflow_crystal_walls,
          chequers_temple_overflow_minitemple, guppyfry_early_elven_hall,
          uniq_prince_ribbit1, uniq_maggie
D:8:      layout_basic, grunt_ministairs_13, nicolae_shop_i_like_big_books
D:9:      layout_cave_pools
D:10:     layout_loops_corners, nicolae_sif_muna_condensation, uniq_sonja
D:11:     layout_loops_ring, minmay_lair_entry_lava, orc_0_dummy
Temple:   jpeg_temple_clearing
Lair:1:   layout_cave_pods, uniq_nergalle
Lair:2:   layout_gridlike, minmay_swamp_entry_worms,
          nicolae_lair_run_with_the_wolves
Lair:3:   layout_cave_pods, minmay_snake_entry_guardpost_medium,
          enter_volcano_1, ldierk_geyser, grunt_forest_stairs_clearing,
          lemuel_fruit_fields, grunt_megastairs_1
Lair:4:   layout_regular_city, slime_entry_2
Lair:5:   evilmike_catoblepas_cave, layout_regular_city
Orc:1:    layout_caves, serial_shops, shop_fountains,
          nicolae_shop_temple_entry_statues_fountains, uniq_josephine
Orc:2:    pf_orc_diabolical, layout_caves, mines5_lemuel
Elf:1:    nicolae_elf_arrival_fired_up, layout_loops_corners, serial_aquarium,
          aquarium_bridge_straight [aquarium_subvault_bridge,
          aquarium_subvault_wall, aquarium_subvault_bridge,
          aquarium_subvault_balcony], aquarium_window_1, aquarium_window_fake,
          aquarium_window_fake, aquarium_window_fake, aquarium_view_2b,
          aquarium_view_2d, aquarium_balcony_1b, serial_shops,
          nicolae_shop_trees, nicolae_shop_trees,
          nicolae_shop_temple_entry_statues_fountains, nicolae_shop_trees,
          nicolae_shop_advertising_works [nicolae_subvault_shop_adworks],
          hangedman_elf_disciples
Elf:2:    nicolae_elf_blades_crystal_corner, layout_geoelf_grid, serial_shops,
          nicolae_shop_overgrown_old_shop, grunt_ministairs_7, guppyfry_elf_lava
Elf:3:    minmay_elf_hall_not_hex, layout_geoelf_octagon,
          hellmonk_ghost_happy_afterlife, minivault_11, uniq_zenata

Skill      XL: |  1  2  3  4  5  6  7  8  9 10 11 12 13 14 15 16 |
---------------+-------------------------------------------------+-----
Fighting       | 4 5 6 7 10 14 15 18 | 18.0
Axes           | 3 4 5 7 9 12 14 15 17 18 | 18.0
Throwing       | 2 |  2.0
Armour         | 6 10 11 12 14 15 | 15.0
Shields        | 4 10 12 14 15 | 15.0
Invocations    | 1 6 10 13 | 13.4

Action                   |  1- 3 |  4- 6 |  7- 9 | 10-12 | 13-15 | 16-18 || total
-------------------------+-------+-------+-------+-------+-------+-------++-------
Melee: War axe           |    85 |   214 |   102 |       |       |       ||   401
       Headbutt          |    10 |    45 |    40 |    84 |   180 |    43 ||   402
       Dire flail        |       |       |    39 |       |       |       ||    39
       Broad axe         |       |       |    26 |   376 |   758 |   213 ||  1373
Throw: Dart              |    10 |       |       |       |       |       ||    10
       Boomerang         |       |       |     8 |     3 |     3 |       ||    14
       Javelin           |       |       |       |     3 |       |       ||     3
Invok: Heal Self         |       |       |     2 |       |       |       ||     2
       Purification      |       |       |     1 |       |       |       ||     1
       Heroism           |       |       |     2 |    11 |     4 |     2 ||    19
       Finesse           |       |       |       |       |     3 |     2 ||     5
       Duel              |       |       |       |       |       |     1 ||     1
  Use: Scroll            |       |       |     6 |    10 |    18 |     6 ||    40
       Potion            |       |       |       |     2 |     5 |     6 ||    13
Armor: Scale mail        |    34 |    56 |       |       |       |       ||    90
       Chain mail        |       |    48 |    80 |   148 |    84 |       ||   360
       Skin              |       |       |       |     3 |       |       ||     3
       Fire dragon scale |       |       |       |     9 |       |       ||     9
       Plate armour      |       |       |       |       |   196 |    81 ||   277
Dodge: Dodged            |    30 |    68 |    62 |    96 |   119 |    24 ||   399
Block: Buckler           |    19 |    45 |    31 |    38 |       |       ||   133
       Kite shield       |       |       |       |   140 |   453 |   138 ||   731

Table legend: (Time is in decaauts)
 A = Elapsed time spent in this place.
 B = Non-inter-level travel time spent in this place.
 C = Inter-level travel time spent in this place.
 D = Time resting spent in this place.
 E = Time spent auto-exploring this place.
 F = Levels seen in this place.
 G = Mean time per level.
                   A        B        C        D        E       F      G
               +--------+--------+--------+--------+--------+-----+--------+
         Total |  23442 |  22315 |   1127 |   2923 |  14808 |  25 |  937.7 |
       Dungeon |  11007 |  10366 |    641 |   1439 |   7162 |  11 | 1000.6 |
        Temple |     89 |     47 |     42 |      0 |     33 |   1 |   89.0 |
          Lair |   6657 |   6440 |    217 |    613 |   4882 |   5 | 1331.4 |
  Orcish Mines |   1543 |   1440 |    103 |    214 |    787 |   2 |  771.5 |
   Elven Halls |   3290 |   3167 |    123 |    369 |   1843 |   3 | 1096.7 |
       Ossuary |    259 |    259 |      0 |      0 |     99 |   1 |  259.0 |
       Volcano |    571 |    571 |      0 |    282 |      1 |   1 |  571.0 |
         Arena |     24 |     24 |      0 |      6 |      0 |   1 |   24.0 |
               +--------+--------+--------+--------+--------+-----+--------+

Top non-repeatable levels by time:
  Lair:1: 1801 daAuts
    D:10: 1687 daAuts
     D:4: 1486 daAuts
  Lair:2: 1464 daAuts
   Elf:1: 1261 daAuts
  Lair:5: 1165 daAuts
  Lair:3: 1159 daAuts
     D:6: 1152 daAuts
   Elf:2: 1089 daAuts
  Lair:4: 1066 daAuts
     D:1: 1057 daAuts
   Orc:2: 1053 daAuts
     D:5: 1006 daAuts
     D:7: 972 daAuts
   Elf:3: 938 daAuts
